 Dungeon Crawl Stone Soup version 0.31-a0-1009-g454b1f1e0a (webtiles) character file.

Game seed: 4292695988965271815

21 MackTheKnife the Trooper (level 2, -1/24 HPs)
             Began as a Vine Stalker Berserker on Nov 13, 2023.
             Was a Follower of Trog.
             Slain by a gnoll
             ... wielding a +0 halberd
              (7 damage)
             ... on level 3 of the Dungeon.
             The game lasted 00:00:54 (847 turns).

MackTheKnife the Trooper (Vine Stalker Berserker)    Turns: 847, Time: 00:00:54

Health: -1/24      AC:  3    Str: 19    XL:     2   Next: 87%
Magic:  0/12       EV: 12    Int:  7    God:    Trog [*.....]
Gold:   111        SH:  0    Dex: 13    Spells: 1/1 levels left

rFire   . . .        a - +0 short sword {short}
rCold   . . .        (no shield)
rNeg    . . .        b - +0 animal skin
rPois   .            f - +0 helmet
rElec   .            (no cloak)
rCorr   .            (no gloves)
SInv    .            (no boots)
Will    .....        (no amulet) Stlth
                     e - ring of magical power
HPRegen 1.04/turn    (no ring)
MPRegen 0.13/turn

%: guardian spirit
@: berserking, very quick
A: fangs 2, regeneration 1, magic shield, antimagic bite, no potion heal 2
a: Renounce Religion, Berserk


You were on level 3 of the Dungeon.
You worshipped Trog.
Trog was aware of your devotion.
You visited 1 branch of the dungeon, and saw 3 of its levels.

You collected 111 gold pieces.


Innate Abilities, Weirdness & Mutations

You have extremely sharp teeth.
Your natural rate of healing is unusually fast.
When hurt, damage is shared between your health and your magic reserves.
Your bite disrupts and absorbs the magic of your enemies.
Potions cannot restore your health.


   Skills:
 + Level 3.2 Fighting
 + Level 3.2 Short Blades
 - Level 1.5 Armour
 - Level 1.5 Dodging


You had one spell level left.
You didn't know any spells.
Your spell library contained the following spells:

 Spells                   Type           Power      Damage    Failure   Level
 Summon Forest            Summ/Tloc      0%         N/A       100%        5
 Summon Mana Viper        Hex/Summ       0%         N/A       100%        5
 Summon Cactus Giant      Summ           0%         N/A       100%        6

Inventory:

Hand Weapons
 a - a +0 short sword (weapon) {short}
Armour
 b - a +0 animal skin (worn)
 f - a +0 helmet (worn)
   (You found it on level 1 of the Dungeon)
Jewellery
 e - a ring of magical power (left hand)
   (You found it on level 1 of the Dungeon)
Scrolls
 c - a scroll of teleportation {unknown}
 g - a scroll of identify {unknown}
Potions
 d - 2 potions of curing {unknown}
 h - a potion of magic {unknown}
 i - a potion of resistance {unknown}

Dungeon Overview and Level Annotations

Branches:
Dungeon (3/15) Zot: 17155

Altars:

.o #.. .. #
##.#.#
#..#.####
#.......#
####........
#.@.o.......
#g#.........
#g#....[....
#K#.........
#g#g...[....
............
............
..#.........


You could see 4 gnolls, an orc and a kobold.


Message History

You lost 2 mp, and now have 10/12 mp.
You hit the endoplasm but do no damage. 😎 HP[+1]
Your hp is fully restored (16).
You hit the endoplasm.
You kill the endoplasm!
Trog accepts your kill.
No target in view!
A frilled lizard comes into view.
The frilled lizard hisses angrily.
The frilled lizard unfolds its giant frill.
A kobold comes into view. It is wielding a +0 club. 😎 MP[+2]
Your mp is fully restored (12).
The kobold shouts!
You hear a shout!
You see here 9 gold pieces.
A kobold comes into view. It is wielding a +0 club.
The kobold shouts!
The frilled lizard bites you.
The kobold moves out of view. 😕 HP[-2] MP[-1]
You take 2 damage, and now have 14/16 hp.
You lost 1 mp, and now have 11/12 mp.
You closely miss the frilled lizard. Your bite misses the frilled lizard.
The frilled lizard bites you but does no damage. 😕 HP[+1]
You hit the frilled lizard.
You kill the frilled lizard!
Trog accepts your kill. 😎 HP[+1]
Your hp is fully restored (16).
You hit the kobold but do no damage. The kobold closely misses you.
You hit the kobold but do no damage.
The kobold hits you with a +0 club. 😕 HP[-1]
You take 1 damage, and now have 15/16 hp.
You hit the kobold.
You kill the kobold!
Trog accepts your kill. The kobold hits you with a +0 club.
Items here: $ ( ) †. 😕 HP[-1] MP[-1]
You take 1 damage, and now have 14/16 hp.
You lost 1 mp, and now have 10/12 mp.
You closely miss the kobold. Your bite misses the kobold.
The kobold hits you but does no damage. 😕 HP[+1]
You barely miss the kobold. You bite the kobold.
You kill the kobold!
Trog accepts your kill. 😎 HP[+1]
Your hp is fully restored (16).
No target in view!
No target in view!
No target in view!
No target in view!
No target in view!
No target in view!
No target in view! 😎 MP[+1]
You now have 103 gold pieces (gained 9).
You now have 111 gold pieces (gained 8).
Things that are here:
a +0 club {mace}; a stone {throwing}; a frilled lizard corpse
Things that are here:
a +0 club {mace}; a kobold corpse
Found a stone staircase leading down.
You see here a +0 whip {mace}. 😎 MP[+1]
Your mp is fully restored (12).
There is a stone staircase leading down here.
You climb downwards.
There is a stone staircase leading up here.
The gnoll shouts!
You hear a shout!
The gnoll hits you from afar with a +0 spear of flaming.
The gnoll burns you.
You hear a shout! 😕 HP[-3] MP[-2]
You take 3 damage, and now have 13/16 hp.
You lost 2 mp, and now have 10/12 mp.
A kobold and 3 gnolls come into view.
The kobold shouts!
The gnoll shouts! x3
The gnoll hits you with a +0 spear of flaming.
The gnoll burns you. The gnoll barely misses you.
The gnoll moves out of view. 😮 HP[-2] MP[-1]
You take 2 damage, and now have 11/16 hp.
You lost 1 mp, and now have 9/12 mp.
A red film seems to cover your vision as you go berserk!
You feel yourself moving faster!
You feel mighty!
The gnoll hits you with a +0 spear of flaming!
The gnoll burns you.
* * * LOW HITPOINT WARNING * * *
The gnoll hits you from afar with a +0 halberd!
* * * LOW HITPOINT WARNING * * *
😱 HP[-6] MP[-7]
You now have 24 max hp (+8).
You lost 7 mp, and now have 2/12 mp.
You closely miss the gnoll.
Your bite misses the gnoll. 😱 HP[+1] Unknown command.
You puncture the gnoll!
The gnoll hits you from afar with a +0 halberd!
You die...

Skill      XL: |  1  2 |
---------------+-------+-----
Fighting       | 3 |  3.2
Short Blades   | 3 |  3.2
Armour         | |  1.5
Dodging        | |  1.5

Action                     || total
---------------------------++-------
  Melee: Short sword       ||    67
         Bite              ||    11
 Invoke: Berserk           ||     2
 Armour: Animal skin       ||    39
  Dodge: Dodged            ||    35

Levels and vault maps discovered:
D:1:      saegor_arrival_simple_a, layout_basic,
          dreamdust_ecumenical_altar_angels_and_demons, serial_forest,
          infiniplex_forest_clump_diagonal, infiniplex_forest_end_2,
          infiniplex_forest_clump_medium, infiniplex_forest_zigzag_1,
          infiniplex_forest_corner_1, infiniplex_forest_lined_4_way,
          infiniplex_forest_lined_room_2, infiniplex_forest_split
D:2:      minmay_alternating_diamond, layout_loops_ring, serial_bayou_pond_a,
          chequers_serial_rivers_micro_d
D:3:      layout_rooms, nicolae_wu_jian_wuxing_cycle, nemelex_altar_shiori,
          hellmonk_guarded_unrand_hermit

Notes
Turn   | Place    | Note
-------+----------+-------------------------------------------
     0 | D:1      | MackTheKnife the Vine Stalker Berserker began the quest for
                  | the Orb.
     0 | D:1      | Reached XP level 1. HP: 11/11 MP: 2/2
     0 | D:1      | magus.rc [v1.9.6]
    45 | D:1      | Reached XP level 2. HP: 16/16 MP: 0/3
   220 | D:1      | Reached skill level 3 in Fighting
   220 | D:1      | Reached skill level 3 in Short Blades
   551 | D:1      | You pick up a book of the Wilderness {forbidden} and begin
                  | reading...
   551 | D:1      | You add the spells Summon Forest, Summon Mana Viper and
                  | Summon Cactus Giant to your library.
   729 | D:1      | Found a faded altar of an unknown god.
   845 | D:3      | HP: 5/24 [gnoll/+0 halberd (6)]
   847 | D:3      | Slain by a gnoll

Vanquished Creatures
  2 bats
  An endoplasm (D:2)
  A giant cockroach (D:2)
  3 hobgoblins (D:1)
  4 jackals (D:1)
  3 kobolds
  A quokka (D:1)
  A frilled lizard (D:2)
  A rat (D:1)
17 creatures vanquished.

Table legend:
 A = Non-vault XP
 B = Vault XP
 C = Vault XP percentage of total XP
 D = Non-vault monster count
 E = Vault monster count
 F = Vault count percentage of total count
                 A         B        C        D         E       F
            +---------+---------+-------+---------+---------+-------
      Total |      31 |       0 |   0.0 |      17 |       0 |   0.0
            +---------+---------+-------+---------+---------+-------
        D:1 |      21 |       0 |   0.0 |      11 |       0 |   0.0
        D:2 |      10 |       0 |   0.0 |       6 |       0 |   0.0
            +---------+---------+-------+---------+---------+-------

Skill      XL: |  1  2 |
---------------+-------+-----
Fighting       | 3 |  3.2
Short Blades   | 3 |  3.2
Armour         | |  1.5
Dodging        | |  1.5

Action                     || total
---------------------------++-------
  Melee: Short sword       ||    67
         Bite              ||    11
 Invoke: Berserk           ||     2
 Armour: Animal skin       ||    39
  Dodge: Dodged            ||    35

Illustrated notes

Table legend:
 A = Kills in this place as a percentage of kills in the entire game.
 B = Kills by you in this place as a percentage of kills by you in the entire game.
 C = Kills by friends in this place as a percentage of kills by friends in the entire game.
 D = Other kills in this place as a percentage of other kills in the entire game.
 E = Experience gained in this place as a percentage of experience gained in the entire game.
 F = Experience gained in this place divided by the number of levels of this place that you have seen.
                   A       B       C       D       E      F
               +-------+-------+-------+-------+-------+----------------------
         Total | 100.0 | 100.0 |   N/A |   N/A | 100.0 |  10.3
       Dungeon | 100.0 | 100.0 |   N/A |   N/A | 100.0 |  10.3
               +-------+-------+-------+-------+-------+----------------------

Table legend: (Time is in decaauts)
 A = Elapsed time spent in this place.
 B = Non-inter-level travel time spent in this place.
 C = Inter-level travel time spent in this place.
 D = Time resting spent in this place.
 E = Time spent auto-exploring this place.
 F = Levels seen in this place.
 G = Mean time per level.
                   A        B        C        D        E       F      G
               +--------+--------+--------+--------+--------+-----+--------+
         Total |    844 |    839 |      5 |      0 |    688 |   3 |  281.3 |
       Dungeon |    844 |    839 |      5 |      0 |    688 |   3 |  281.3 |
               +--------+--------+--------+--------+--------+-----+--------+

Top non-repeatable levels by time:
     D:1: 736 daAuts
     D:2: 103 daAuts
     D:3: 4 daAuts
